 Dungeon Crawl Stone Soup version 0.30-a0-29-g142975f185 (webtiles) character file.

Game seed: 5835745529193648582

1890 timneilson the Covered (level 9, -21/54 HPs)
             Began as a Gargoyle Fighter on Aug 26, 2022.
             Was a Priest of Okawaru.
             Demolished by an ogre
             ... wielding a +0 giant spiked club
              (24 damage)
             ... on level 6 of the Dungeon on Aug 27, 2022.
             The game lasted 00:10:37 (4322 turns).

timneilson the Covered (Gargoyle Fighter)           Turns: 4322, Time: 00:10:38

Health: -21/54     AC: 25    Str: 31    XL:     9   Next: 15%
Magic:  11/11      EV:  9    Int:  6    God:    Okawaru [***...]
Gold:   354        SH:  5    Dex:  9    Spells: 8/8 levels left

rFire   . . .      SeeInvis +    f - +4 falchion "Mipp" {protect, *Rage rElec rPois rC+++ Int-2}
rCold   + + +      Faith    .    c - +0 buckler
rNeg    + . .      Spirit   .    i - +0 chain mail
rPois   ∞          Reflect  .    (no helmet)
rElec   +          Harm     .    (no cloak)
rCorr   .          Rampage  .    l - +0 pair of gloves
Will    .....      Rage     20%  (no boots)
Stlth   ..........               (no amulet)
HPRegen 0.18/turn                h - ring of see invisible
MPRegen 0.12/turn                a - +6 ring of strength

@: under a protective aura, on berserk cooldown, slowed, very slow
A: sickness immunity, AC +6, negative energy resistance 1, electricity
resistance, torment resistance 1, petrification resistance
a: Renounce Religion, Heroism


You were on level 6 of the Dungeon.
You worshipped Okawaru.
Okawaru was most pleased with you.
You visited 1 branch of the dungeon, and saw 6 of its levels.

You collected 354 gold pieces.

Inventory:

Hand Weapons
 f - the +4 falchion "Mipp" (weapon) {protect, *Rage rElec rPois rC+++ Int-2}
   (You found it on level 2 of the Dungeon)

   It grants its wielder temporary protection when it strikes (+7 to AC).
   Int:       It affects your intelligence (-2).
   rC:        It renders you almost immune to cold.
   rElec:     It insulates you from electricity.
   rPois:     It protects you from poison.
   *Rage:     It berserks you when you make melee attacks (+20% chance).
 s - a +0 scimitar of flaming
Armour
 c - a +0 buckler (worn)
 i - a +0 chain mail (worn)
 l - a +0 pair of gloves (worn)
Jewellery
 a - a +6 ring of strength (right hand)
 h - a ring of see invisible (left hand)
Wands
 p - a wand of flame (31)
 q - a wand of mindburst (10)
 r - a wand of light (5)
Scrolls
 b - 2 scrolls of teleportation
 n - a scroll of poison
 o - 2 scrolls of magic mapping
Potions
 d - a potion of might
 e - a potion of heal wounds
 g - 2 potions of curing
 j - 2 potions of flight
 k - a potion of haste
 m - a potion of ambrosia {unknown}
 v - a potion of mutation {unknown}
 w - a potion of brilliance {unknown}


   Skills:
 + Level 5.2 Fighting
 * Level 5.2 Long Blades
 * Level 6.7 Armour
 + Level 2.7 Dodging
 * Level 6.7 Shields
 + Level 3.1 Invocations
 + Level 2.5 Evocations


You had 8 spell levels left.
You didn't know any spells.
Your spell library contained the following spells:

 Spells                   Type           Power      Damage    Failure   Level
 Beastly Appendage        Tmut           0%         N/A       95%         1
 Necrotise                Necr           0%         1d4       95%         1
 Wereblood                Tmut           0%         N/A       99%         2
 Gell's Gravitas          Tloc           0%         N/A       100%        3
 Lesser Beckoning         Tloc           0%         N/A       100%        3
 Spider Form              Tmut/Pois      0%         N/A       100%        3
 Teleport Other           Tloc           0%         N/A       100%        3
 Vampiric Draining        Necr           0%         2d6       100%        3
 Olgreb's Toxic Radiance  Pois           0%         N/A       100%        4
 Agony                    Necr           0%         N/A       100%        5
 Ozocubu's Refrigeration  Ice            0%         4d7       100%        7
 Ignition                 Fire           0%         3d3       100%        8


Dungeon Overview and Level Annotations

Branches:
Dungeon (6/15)
 Temple: D:4-7

Altars:
Gozag
Okawaru
Wu Jian


Innate Abilities, Weirdness & Mutations

You are immune to sickness and miasma.
Your stone body is resilient. (AC +6)
You are immune to poison.
You resist negative energy. (rN+)
You are resistant to electric shocks. (rElec)
You are resistant to unholy torment.
You are immune to petrification.


Message History

You block the scorpion's attack.
The ogre hits you with a +0 giant spiked club!
* * * LOW HITPOINT WARNING * * *
The scorpion stings you but does no damage.
You barely miss the scorpion.
The scorpion is almost dead.
The ogre barely misses you. You block the scorpion's attack.
You hit the scorpion.
You kill the scorpion!
Okawaru accepts your kill. The sky beast barely misses you.
The ogre hits you but does no damage.
You slash the ogre!
The ogre is moderately wounded.
The sky beast misses you.
You hit the ogre but do no damage.
The ogre is moderately wounded.
The ogre barely misses you.
The sky beast hits you but does no damage. x2
You hit the ogre but do no damage.
The ogre is moderately wounded.
The ogre closely misses you.
The sky beast flickers out of sight for a moment.
The sky beast barely misses you.
You barely miss the ogre.
The ogre is moderately wounded.
The ogre closely misses you.
The sky beast hits you but does no damage.
You hit the ogre.
The ogre is moderately wounded.
The sky beast hits you but does no damage.
The ogre hits you with a +0 giant spiked club!
* * * LOW HITPOINT WARNING * * *
You hit the ogre.
The ogre is severely wounded.
The sky beast barely misses you.
You slash the ogre!
The ogre is almost dead.
You feel like a meek peon again.
The ogre hits you with a +0 giant spiked club!!
You die...

...### ## .####.?..##
#.. ................#
...# .......[#.........
...)#
.......##........##.....
..............>........(
#.......#......Y.......#
##.............O@..#
.#.....#.........###
8)...............#
.#....##.......[.#
##....##...†.#..##
#..)##..##..####
#...)...###.# .....#####
#.# ..#### #.#


You could see a sky beast (invisible) and an ogre.

Vanquished Creatures
  A wyvern (D:5)
  2 water moccasins (D:6)
  3 black bears
  An orc warrior (D:6)
  A phantom (D:6)
  A bullfrog (D:6)
  4 scorpions
  7 wights
  2 jellies (D:5)
  Terence (D:2)
  3 orc wizards
  3 iguanas
  6 adders
  6 gnolls
  A worm (D:3)
  3 dart slugs
  12 orcs
  3 ball pythons
  7 endoplasms
  3 goblins
  9 hobgoblins
  7 jackals
  7 kobolds
  2 quokkas
  4 bats
  7 frilled lizards
  2 rats
108 creatures vanquished.

Vanquished Creatures (others)
  15 plants (D:1)
15 creatures vanquished.

Grand Total: 123 creatures vanquished

Notes
Turn   | Place    | Note
-------+----------+-------------------------------------------
     0 | D:1      | timneilson the Gargoyle Fighter began the quest for the
                  | Orb.
     0 | D:1      | Reached XP level 1. HP: 14/14 MP: 1/1
    97 | D:1      | Reached XP level 2. HP: 19/19 MP: 2/2
   261 | D:1      | Found a faded altar of an unknown god.
   643 | D:2      | Reached XP level 3. HP: 22/23 MP: 3/3
   647 | D:2      | Identified the +4 falchion "Mipp" {protect, *Rage rElec
                  | rPois rC+++ Int-2}
   773 | D:2      | Noticed Terence
   791 | D:2      | Killed Terence
   792 | D:2      | Reached XP level 4. HP: 11/28 MP: 4/4
  1513 | D:3      | Noticed a scorpion
  1526 | D:3      | Killed a scorpion
  1527 | D:3      | Reached skill level 1 in Dodging
  1527 | D:3      | Reached XP level 5. HP: 27/33 MP: 5/5
  2128 | D:3      | Reached XP level 6. HP: 38/38 MP: 6/6
  2132 | D:3      | Found an iron altar of Okawaru.
  2140 | D:3      | Became a worshipper of Warmaster Okawaru
  2861 | D:5      | Entered Level 5 of the Dungeon
  3025 | D:5      | Found an ornate altar of the Wu Jian Council.
  3026 | D:5      | Found an opulent altar of Gozag.
  3030 | D:5      | Reached * piety under Okawaru
  3031 | D:5      | Reached skill level 1 in Invocations
  3031 | D:5      | Reached XP level 7. HP: 43/43 MP: 7/7
  3064 | D:5      | Reached skill level 5 in Armour
  3064 | D:5      | Reached skill level 5 in Shields
  3090 | D:5      | Reached skill level 1 in Evocations
  3564 | D:5      | Noticed a wyvern
  3579 | D:5      | Killed a wyvern
  3827 | D:5      | Reached XP level 8. HP: 29/48 MP: 9/9
  3835 | D:5      | Reached ** piety under Okawaru
  4238 | D:6      | Reached *** piety under Okawaru
  4239 | D:6      | Reached skill level 5 in Fighting
  4251 | D:6      | Reached skill level 5 in Long Blades
  4277 | D:6      | Reached XP level 9. HP: 26/54 MP: 11/11
  4320 | D:6      | HP: 2/54 [ogre/+0 giant spiked club (13)]
  4322 | D:6      | Demolished by an ogre

Illustrated notes

Levels and vault maps discovered:
D:1:      roderic_crop_circles_arrival_small, layout_rooms,
          ebering_ecumenical_altar_abandoned, st_stairs_5,
          kennysheep_crisscross, nrook_uturn
D:2:      layout_rooms, minmay_tromino_i4, uniq_terence
D:3:      layout_basic, okawaru_altar_gauntlet_db, minmay_large_rounded_square,
          minmay_circle_x
D:4:      layout_basic
D:5:      layout_loops_ring, chequers_temple_overflow_statue_of_worship,
          chequers_serial_rivers_marsh
D:6:      layout_rooms, nicolae_ossuary_entry_monument, serial_shops,
          nicolae_shop_bloodbath_and_beyond, minivault_5, grunt_decor_arrowhead,
          minivault_24

Skill      XL: |  1  2  3  4  5  6  7  8 |
---------------+-------------------------+-----
Long Blades    | 2 3 4 5 |  5.2
Armour         | 4 5 6 |  6.7
Shields        | 4 5 6 |  6.7
Dodging        | 1 2 |  2.7
Fighting       | 4 5 |  5.2
Invocations    | 1 3 |  3.1
Evocations     | 1 2 |  2.5

Action                   |  1- 3 |  4- 6 |  7- 9 || total
-------------------------+-------+-------+-------++-------
Melee: Long sword        |    58 |       |       ||    58
       Falchion          |    19 |   189 |   236 ||   444
Invok: Heroism           |       |       |     4 ||     4
  Use: Scroll            |     4 |     7 |     5 ||    16
       Potion            |       |     1 |     1 ||     2
Armor: Scale mail        |    46 |       |       ||    46
       Chain mail        |       |   151 |   208 ||   359
Dodge: Dodged            |    34 |    70 |   132 ||   236
Block: Buckler           |    18 |    48 |    87 ||   153

Table legend: (Time is in decaauts)
 A = Elapsed time spent in this place.
 B = Non-inter-level travel time spent in this place.
 C = Inter-level travel time spent in this place.
 D = Time resting spent in this place.
 E = Time spent auto-exploring this place.
 F = Levels seen in this place.
 G = Mean time per level.
                   A        B        C        D        E       F      G
               +--------+--------+--------+--------+--------+-----+--------+
         Total |   4662 |   4559 |    103 |     93 |   3219 |   6 |  777.0 |
       Dungeon |   4662 |   4559 |    103 |     93 |   3219 |   6 |  777.0 |
               +--------+--------+--------+--------+--------+-----+--------+

Top non-repeatable levels by time:
     D:5: 1384 daAuts
     D:2: 912 daAuts
     D:3: 857 daAuts
     D:1: 643 daAuts
     D:4: 642 daAuts
     D:6: 221 daAuts
